[Event "Titled Tuesday Blitz May 30 Early 2023"]
[White "Janik, Igor"]
[Black "Tologon tegin, Semetei"]
[WhiteFideId "1159259"]
[BlackFideId "13800574"]
[WhiteElo "2484"]
[BlackElo "2247"]
[Result "1/2-1/2"]
[Round "06"]
[TimeControl "180+2"]
[Date "2023.05.30"]
[WhiteClock "0:00:18"]
[BlackClock "0:00:14"]

1. e4 c5 2. Nf3 e6 3. g3 Nc6 4. Bg2 Nf6 5. Qe2 d6 6. O-O Be7 7. c3 O-O 8. d4 cxd4 9. cxd4 d5 10. e5 Ne4 11. Be3 f6 12. exf6 Bxf6 13. Nbd2 Nxd2 14. Qxd2 Bd7 15. Rfe1 Rc8 16. Rac1 Qb6 17. b3 Qb4 18. Qb2 Qa5 19. a3 Ne7 20. Bg5 Qb6 21. Bxf6 gxf6 22. Bh3 Kg7 23. Rxc8 Rxc8 24. b4 Rc4 25. Qd2 Ng6 26. Bf1 Rc6 27. Bd3 Qc7 28. h4 Rc3 29. h5 Nf8 30. Nh2 f5 31. Nf3 h6 32. Ne5 Be8 33. g4 Rxa3 34. gxf5 Qc3 35. f6+ Kxf6 36. Qxh6+ Ke7 37. Re3 Ra1+ 38. Kg2 Qc1 39. Qg7+ Kd8 40. Qf6+ Kc7 41. Qe7+ Nd7 42. Qh4 Qg1+ 43. Kf3 Qd1+ 44. Be2 Qh1+ 45. Qxh1 Rxh1 46. Kg2 Rh4 47. Ng6 Rxd4 48. Rxe6 Kd8 49. h6 Bxg6 50. Rxg6 Rh4 51. Kg3 Rh1 52. Bg4 Ne5 53. Rg8+ Ke7 54. Rg7+ Kf6 55. f3 Rxh6 56. Rxb7 Nxg4 57. Kxg4 Ke5 58. Rxa7 Rg6+ 59. Kh3 Rb6 60. Ra4 Kf4 61. Kg2 Ke3 62. Kf1 Kxf3 63. Ke1 Ke3 64. Ra3+ Kd4 65. Kd2 Rxb4 66. Rh3 Kc4 67. Rh4+ d4 68. Rh3 Rb2+ 69. Kc1 Rg2 70. Kd1 Rf2 71. Kc1 Re2 72. Kd1 Rb2 73. Rg3 Ra2 74. Rh3 Ra5 75. Rg3 Rc5 76. Rh3 Kb4 77. Rd3 Kc4 78. Rh3 Kb5 79. Rd3 Rc4 80. Rh3 Kc5 81. Kd2 Rb4 82. Rg3 Kc4 83. Rh3 Rb2+ 84. Kd1 Rf2 85. Rg3 Rh2 86. Rf3 d3 87. Rf8 Rh1+ 88. Kd2 Rh2+ 89. Kd1 Re2 90. Rc8+ Kd4 91. Rd8+ Kc3 92. Rc8+ Kb4 93. Rb8+ Kc3 94. Rc8+ Kb4 95. Rd8 Kc3 96. Rc8+ 1/2-1/2


[Site "https://www.chess.com"]

[Event "Titled Tuesday Blitz May 30 Early 2023"]
[White "Csonka, Balazs"]
[Black "Staudenhocker43"]
[WhiteFideId "742910"]
[WhiteElo "2404"]
[BlackElo "2530"]
[Result "1-0"]
[Round "06"]
[TimeControl "180+2"]
[Date "2023.05.30"]
[WhiteClock "0:00:03"]
[BlackClock "0:00:00"]

1. d4 d5 2. c4 c6 3. Nf3 Nf6 4. e3 Bg4 5. h3 Bh5 6. g4 Bg6 7. Ne5 Nbd7 8. Nxg6 hxg6 9. Bg2 e6 10. O-O g5 11. Qe2 Ne4 12. Nc3 Ndf6 13. Qd3 Nxc3 14. bxc3 dxc4 15. Qxc4 Qc7 16. f4 gxf4 17. exf4 O-O-O 18. Rb1 Nd5 19. f5 Bd6 20. fxe6 fxe6 21. Bg5 Rdf8 22. Qe2 Nxc3 23. Qxe6+ Kb8 24. Rxf8+ Rxf8 25. Rc1 Nb5 26. d5 c5 27. Rf1 Rxf1+ 28. Bxf1 a6 29. Bxb5 axb5 30. Qe8+ Qc8 31. Qxb5 Qf8 32. Qf1 Qe8 33. Bf4 Qe7 34. Bxd6+ Qxd6 35. Qf5 Ka7 36. Kg2 c4 37. Qe4 c3 38. Qd4+ Kb8 39. Qxc3 Qxd5+ 40. Kg3 g5 41. a3 Qd6+ 42. Kf3 Qd5+ 43. Ke3 Qe6+ 44. Kd2 Qd6+ 45. Kc2 Qh2+ 46. Kb3 Qf2 47. Qh8+ Ka7 48. Qc3 1-0


[Site "https://www.chess.com"]

[Event "Titled Tuesday Blitz May 30 Early 2023"]
[White "Samunenkov, Ihor"]
[Black "Shukhman, Anna"]
[WhiteFideId "14187086"]
[BlackFideId "54180058"]
[WhiteElo "2457"]
[BlackElo "2235"]
[Result "0-1"]
[Round "06"]
[TimeControl "180+2"]
[Date "2023.05.30"]
[WhiteClock "0:00:04"]
[BlackClock "0:00:15"]

1. d4 Nf6 2. c4 g6 3. Nc3 d5 4. cxd5 Nxd5 5. Bd2 Nb6 6. e3 Bg7 7. h4 h5 8. Bb5+ c6 9. Be2 N8d7 10. Nf3 c5 11. d5 Nf6 12. e4 Bg4 13. O-O O-O 14. Bg5 Qc7 15. Rc1 a6 16. Qd2 Rad8 17. Bf4 Qc8 18. Ne5 Bxe2 19. Qxe2 e6 20. b4 c4 21. Be3 Qc7 22. dxe6 Qxe5 23. Bxb6 Rd3 24. exf7+ Rxf7 25. f4 Qe6 26. Bf2 Ng4 27. Be1 Bd4+ 28. Kh1 Be3 29. Rd1 Rxd1 30. Qxd1 Bxf4 31. Qd5 Qxd5 32. exd5 Be5 33. Rxf7 Kxf7 34. Ne4 Ne3 35. d6 b5 36. Kg1 Nc2 37. Bd2 Ke6 38. Nc5+ Kxd6 39. Nxa6 Bd4+ 40. Kf1 c3 41. Bc1 Ne3+ 42. Ke2 Nxg2 43. Kd3 Bf6 44. Nc5 Nxh4 45. Ne4+ Ke6 46. a4 bxa4 47. Nxf6 Kxf6 48. b5 Nf5 49. b6 Nd6 50. Bf4 Nb7 51. Kxc3 Kf5 52. Bh2 g5 53. Kb4 g4 54. Kxa4 h4 55. Kb5 g3 56. Bg1 h3 57. Kc6 h2 0-1


[Site "https://www.chess.com"]

[Event "Titled Tuesday Blitz May 30 Early 2023"]
[White "Itgelt, Khuyagtsogt"]
[Black "Horak, Martin"]
[WhiteFideId "4902912"]
[BlackFideId "367095"]
[WhiteElo "2227"]
[BlackElo "2091"]
[Result "1-0"]
[Round "06"]
[TimeControl "180+2"]
[Date "2023.05.30"]
[WhiteClock "0:02:26"]
[BlackClock "0:00:06"]

1. d4 Nf6 2. c4 e6 3. Nc3 Bb4 4. Qc2 O-O 5. Nf3 d5 6. a3 Bxc3+ 7. Qxc3 dxc4 8. Qxc4 b6 9. Bg5 Ba6 10. Qc2 h6 11. Bh4 Nbd7 12. Rd1 Qe7 13. Ne5 g5 14. Nc6 Qe8 15. Bg3 Nc5 16. Nb4 Nce4 17. Nxa6 1-0


[Site "https://www.chess.com"]

[Event "Titled Tuesday Blitz May 30 Early 2023"]
[White "Ginzburg, Yakov"]
[Black "Weishaeutel, Moritz"]
[WhiteFideId "4157176"]
[BlackFideId "12967300"]
[WhiteElo "2305"]
[BlackElo "2301"]
[Result "0-1"]
[Round "06"]
[TimeControl "180+2"]
[Date "2023.05.30"]
[WhiteClock "0:00:22"]
[BlackClock "0:00:10"]

1. e4 e5 2. Nf3 Nf6 3. Nxe5 Nc6 4. Nf3 Nxe4 5. Qe2 Qe7 6. d3 Nf6 7. Bg5 Qxe2+ 8. Bxe2 Be7 9. Nc3 h6 10. Bh4 d6 11. O-O-O Be6 12. d4 Nd5 13. Nxd5 Bxd5 14. Bxe7 Nxe7 15. Rhe1 O-O-O 16. c4 Bxf3 17. Bxf3 Rhe8 18. Bg4+ Kb8 19. Rd2 Nc6 20. Rxe8 Rxe8 21. Bf3 Re1+ 22. Kc2 Kc8 23. g3 Kd7 24. h4 g5 25. hxg5 hxg5 26. Bg4+ Kd8 27. Bf3 f5 28. a3 g4 29. Bxc6 bxc6 30. Kd3 Kd7 31. Re2 Rd1+ 32. Rd2 Re1 33. Re2 Rd1+ 34. Ke3 Ke6 35. f3 gxf3 36. Kxf3+ Kf6 37. Ke3 Rg1 38. Kf4 Rf1+ 39. Ke3 Rc1 40. Kd3 Rg1 41. Re3 Kg5 42. b4 Kg4 43. Re7 Rxg3+ 44. Kc2 f4 45. Rxc7 Rxa3 46. Rxc6 f3 47. Rxd6 f2 48. Rg6+ Kf5 49. Rg8 Rf3 0-1


[Site "https://www.chess.com"]

[Event "Titled Tuesday Blitz May 30 Early 2023"]
[White "Goryachkina, Aleksandra"]
[Black "Tanmay Jain"]
[WhiteFideId "4147103"]
[BlackFideId "45015481"]
[WhiteElo "2471"]
[BlackElo "2032"]
[Result "1-0"]
[Round "06"]
[TimeControl "180+2"]
[Date "2023.05.30"]
[WhiteClock "0:01:09"]
[BlackClock "0:00:39"]

1. e4 c5 2. Nf3 d6 3. Bb5+ Bd7 4. Bxd7+ Nxd7 5. O-O Ngf6 6. Re1 e5 7. c3 Be7 8. d4 cxd4 9. cxd4 O-O 10. Nc3 Rc8 11. h3 a6 12. Bg5 h6 13. Bxf6 Bxf6 14. Qd2 Nb6 15. Rad1 Nc4 16. Qe2 b5 17. Nd5 exd4 18. b3 Nb6 19. Nxf6+ Qxf6 20. Nxd4 d5 21. e5 Qe7 22. Nf5 Qg5 23. Qf3 g6 24. Nd6 Rc6 25. g3 Qd8 26. h4 Qd7 27. h5 Qe6 28. a4 bxa4 29. bxa4 Nxa4 30. Rxd5 Nb6 31. Rdd1 Nd7 32. Qxc6 1-0


[Site "https://www.chess.com"]

[Event "Titled Tuesday Blitz May 30 Early 2023"]
[White "brm72"]
[Black "Zheenbekov, Nurgazy"]
[BlackFideId "13800485"]
[WhiteElo "2616"]
[BlackElo "1975"]
[Result "1/2-1/2"]
[Round "06"]
[TimeControl "180+2"]
[Date "2023.05.30"]
[WhiteClock "0:00:04"]
[BlackClock "0:00:20"]

1. d4 Nf6 2. c4 e6 3. Nf3 Bb4+ 4. Bd2 Be7 5. Nc3 d5 6. e3 O-O 7. Bd3 b6 8. O-O Bb7 9. Ne5 Nbd7 10. f4 Ne4 11. cxd5 exd5 12. Rf3 f6 13. Nxd7 Qxd7 14. Rh3 g6 15. Nxe4 dxe4 16. Bc4+ Kg7 17. Rc1 c5 18. dxc5 Bxc5 19. Qe2 Rad8 20. Bc3 a6 21. b4 Be7 22. Qf2 h5 23. Be2 Rc8 24. Qe1 Qe6 25. Rg3 h4 26. Rh3 Qxa2 27. Qxh4 Rh8 28. Bxf6+ Bxf6 29. Rc7+ Kg8 30. Rxc8+ Bxc8 31. Qxf6 Bxh3 32. Qxg6+ Kf8 33. Qf6+ Kg8 34. Qg6+ Kf8 35. Qf6+ Kg8 36. Qg6+ 1/2-1/2


[Site "https://www.chess.com"]

[Event "Titled Tuesday Blitz May 30 Early 2023"]
[White "Makaraci, Tunahan"]
[Black "Balla, Tamas-Kristof"]
[WhiteFideId "6356559"]
[BlackFideId "1208497"]
[WhiteElo "2160"]
[BlackElo "2334"]
[Result "1-0"]
[Round "06"]
[TimeControl "180+2"]
[Date "2023.05.30"]
[WhiteClock "0:00:42"]
[BlackClock "0:00:04"]

1. e4 c5 2. c3 Nf6 3. e5 Nd5 4. Nf3 Nc6 5. d4 cxd4 6. cxd4 d6 7. Bc4 dxe5 8. dxe5 Be6 9. O-O g6 10. Ng5 Bg7 11. Nxe6 fxe6 12. f4 O-O 13. Nc3 Qb6+ 14. Kh1 Rad8 15. Qb3 Qd4 16. Rd1 Qf2 17. Nxd5 exd5 18. Bxd5+ Kh8 19. Be3 Qh4 20. g3 Qh5 21. Bg2 a5 22. Bb6 Rc8 23. Rac1 Nb4 24. a3 Nc2 25. Qf3 Qf5 26. Qe4 Qe6 27. Bxa5 Qa6 28. Bc3 Nxa3 29. Ra1 Rc4 30. Rxa3 Qb5 31. Qxb7 Qc5 32. Qd5 1-0


[Site "https://www.chess.com"]

[Event "Titled Tuesday Blitz May 30 Early 2023"]
[White "Heinemann, Josefine"]
[Black "MKlose11"]
[WhiteFideId "12900460"]
[WhiteElo "2342"]
[BlackElo "2609"]
[Result "1/2-1/2"]
[Round "06"]
[TimeControl "180+2"]
[Date "2023.05.30"]
[WhiteClock "0:00:23"]
[BlackClock "0:00:11"]

1. e4 e6 2. d4 d5 3. Nc3 Bb4 4. e5 Ne7 5. Qg4 Nf5 6. Bd3 h5 7. Qd1 Nxd4 8. a3 Be7 9. Be3 Ndc6 10. Bb5 a6 11. Bxc6+ Nxc6 12. Bd4 Nxd4 13. Qxd4 c5 14. Qd2 b5 15. f4 Bb7 16. Nf3 d4 17. Nd1 Bxf3 18. gxf3 Bh4+ 19. Kf1 Qd5 20. Qe2 g6 21. Nf2 Bxf2 22. Kxf2 O-O 23. Rhg1 c4 24. Rad1 Rfd8 25. Qe4 Kh7 26. Rg5 Kh6 27. Rdg1 Qxe4 28. fxe4 d3 29. cxd3 Rxd3 30. f5 exf5 31. exf5 Rg8 32. e6 fxe6 33. Rxg6+ Rxg6 34. Rxg6+ Kh7 35. Rxe6 Rd2+ 36. Re2 Rd5 37. Re7+ Kh6 38. h4 Rxf5+ 39. Kg3 Rf6 40. Re5 Rd6 41. a4 Rd3+ 42. Kf4 Rb3 43. axb5 axb5 44. Re6+ Kg7 45. Kg5 Kf7 46. Rf6+ Ke7 47. Rf2 b4 48. Kxh5 Rg3 49. Rf4 c3 50. bxc3 bxc3 51. Rc4 Kd6 52. Kh6 Kd5 53. Rc8 Kd4 54. h5 Kd3 55. Kh7 Kd2 56. h6 c2 57. Kh8 Rc3 58. Rxc3 Kxc3 59. h7 c1=Q 60. Kg8 Qg5+ 61. Kf7 Qf5+ 62. Kg7 Qg5+ 63. Kf7 Qh6 64. Kg8 Qg6+ 65. Kh8 Qf6+ 66. Kg8 Qd8+ 67. Kg7 Qd7+ 68. Kg8 Qc8+ 69. Kg7 Qb7+ 70. Kg8 Qa8+ 71. Kg7 Qa7+ 72. Kg8 Qb8+ 73. Kg7 Qe5+ 74. Kg8 Qg5+ 75. Kf7 1/2-1/2


[Site "https://www.chess.com"]

[Event "Titled Tuesday Blitz May 30 Early 2023"]
[White "Schnaider, Ilan"]
[Black "Ryan, Joseph"]
[WhiteFideId "169013"]
[BlackFideId "2500426"]
[WhiteElo "2224"]
[BlackElo "2462"]
[Result "1-0"]
[Round "06"]
[TimeControl "180+2"]
[Date "2023.05.30"]
[WhiteClock "0:00:15"]
[BlackClock "0:01:02"]

1. e4 e6 2. d4 d5 3. Nd2 Nf6 4. e5 Nfd7 5. Bd3 c5 6. c3 Nc6 7. Ne2 cxd4 8. cxd4 f6 9. exf6 Nxf6 10. Nf3 Bd6 11. O-O Qc7 12. h3 O-O 13. Bg5 Nh5 14. Rc1 Rxf3 15. gxf3 Qf7 16. Ng3 Nf4 17. Kh2 g6 18. Bb5 Bd7 19. Bxc6 Bxc6 20. Re1 Kg7 21. Rc2 h6 22. Bxf4 Bxf4 23. Rce2 Bd7 24. Kg2 Rf8 25. Qd3 a6 26. Qc3 h5 27. h4 Qf6 28. Rh1 Bc6 29. b3 Bb8 30. a4 Bd7 31. Qe3 Ba7 32. Rd2 Rc8 33. Qg5 Rc3 34. Nxh5+ 1-0


[Site "https://www.chess.com"]

[Event "Titled Tuesday Blitz May 30 Early 2023"]
[White "Begunov, Konstantin"]
[Black "Nasir, Zehn"]
[WhiteFideId "4118510"]
[BlackFideId "2613239"]
[WhiteElo "2050"]
[BlackElo "1993"]
[Result "0-1"]
[Round "06"]
[TimeControl "180+2"]
[Date "2023.05.30"]
[WhiteClock "0:00:00"]
[BlackClock "0:00:08"]

1. d4 c6 2. c4 d5 3. Nc3 e6 4. cxd5 exd5 5. Nf3 Nf6 6. Bg5 Be7 7. Qc2 Bg4 8. Ne5 Bh5 9. e3 Nbd7 10. f4 Nxe5 11. dxe5 Bg6 12. f5 Ng4 13. Bxe7 Qxe7 14. fxg6 Nxe3 15. Qf2 Qxe5 16. Qxf7+ Kd8 17. Kd2 d4 18. Qxb7 Rb8 19. Qxc6 dxc3+ 20. Qxc3 Rxb2+ 21. Kd3 Qd5+ 22. Kxe3 Re8+ 23. Kf4 Rf8+ 24. Kg3 Qg5+ 25. Kh3 Qh5+ 26. Kg3 Qxg6+ 27. Kh3 Qh5+ 28. Kg3 Rb6 29. Qd4+ Kc7 30. Rc1+ Kb7 31. Qd7+ Kb8 32. Qc7+ Ka8 0-1


[Site "https://www.chess.com"]

[Event "Titled Tuesday Blitz May 30 Early 2023"]
[White "Bartel, Michal"]
[Black "Koutlas, Nikolaos"]
[WhiteFideId "1119257"]
[BlackFideId "25827138"]
[WhiteElo "2282"]
[BlackElo "2215"]
[Result "1/2-1/2"]
[Round "06"]
[TimeControl "180+2"]
[Date "2023.05.30"]
[WhiteClock "0:00:48"]
[BlackClock "0:00:07"]

1. e4 e6 2. d4 d5 3. Nc3 h6 4. e5 c5 5. Nce2 cxd4 6. Nxd4 Nc6 7. Ngf3 Nge7 8. Bb5 Bd7 9. Bxc6 bxc6 10. c3 c5 11. Nb3 Nc6 12. O-O Be7 13. Be3 d4 14. cxd4 cxd4 15. Nbxd4 Nb4 16. Nb3 O-O 17. Bc5 Rc8 18. Bxe7 Qxe7 19. Qd6 Qxd6 20. exd6 Rc2 21. a3 Nd3 22. Rad1 Nxb2 23. Rd2 Rxd2 24. Nfxd2 Rc8 25. Rb1 Nd3 26. Nd4 e5 27. N4f3 Rc6 28. h3 Rxd6 29. Nc4 Rd5 30. Rb8+ Kh7 31. Rb7 f6 32. Rxa7 Bb5 33. Ne3 Rc5 34. a4 Bc6 35. Ng4 Bxf3 36. gxf3 Kg6 37. a5 Rc1+ 38. Kg2 Nf4+ 39. Kh2 h5 40. Ne3 Ra1 41. a6 h4 42. Ra8 Ne6 43. a7 Nd4 44. Rh8 Rxa7 45. Kg2 Kg5 46. Rh7 Nf5 47. Nxf5 Kxf5 48. Rxh4 Ra2 49. Re4 g5 50. h4 gxh4 51. Rxh4 Rb2 52. Re4 Kg5 53. Kg3 Rb3 54. Re3 Rb4 55. Re4 Rb3 56. Re3 Rxe3 57. fxe3 Kf5 58. Kh4 e4 59. f4 Kg6 60. Kg4 f5+ 61. Kh4 Kh6 62. Kg3 Kg6 63. Kh3 Kf6 64. Kh4 Kg6 65. Kg3 Kh5 66. Kh3 Kh6 67. Kh4 Kg6 68. Kg3 Kf6 69. Kh4 Kg6 1/2-1/2


[Site "https://www.chess.com"]

[Event "Titled Tuesday Blitz May 30 Early 2023"]
[White "Marn, Jan"]
[Black "Ambartsumova, Karina"]
[WhiteFideId "14619245"]
[BlackFideId "4166299"]
[WhiteElo "2242"]
[BlackElo "2240"]
[Result "0-1"]
[Round "06"]
[TimeControl "180+2"]
[Date "2023.05.30"]
[WhiteClock "0:00:00"]
[BlackClock "0:00:27"]

1. d4 Nf6 2. Nf3 g6 3. Nbd2 d5 4. e3 Bg7 5. b4 O-O 6. c4 a5 7. b5 c5 8. Bb2 Nbd7 9. Be2 cxd4 10. Nxd4 Nc5 11. O-O e5 12. N4f3 e4 13. Nd4 b6 14. Nc6 Qd7 15. cxd5 Nxd5 16. Bxg7 Kxg7 17. Rc1 Bb7 18. Nb3 Bxc6 19. bxc6 Qxc6 20. Qd4+ Nf6 21. Nxc5 bxc5 22. Rxc5 Qd7 23. Qxd7 Nxd7 24. Rc7 Nb6 25. Rb1 Nd5 26. Rc5 Rfd8 27. Rbb5 Nb4 28. Rxa5 Rxa5 29. Rxa5 Rd2 30. Kf1 Nxa2 31. g3 Rc2 32. Ra7 Nc1 33. Bb5 Nd3 34. f3 Rf2+ 35. Kg1 Rxf3 36. Rd7 Rxe3 0-1


[Site "https://www.chess.com"]

[Event "Titled Tuesday Blitz May 30 Early 2023"]
[White "Srebrnic, Marko"]
[Black "Golubev, Mikhail"]
[WhiteFideId "14603616"]
[BlackFideId "14100983"]
[WhiteElo "2341"]
[BlackElo "2374"]
[Result "1/2-1/2"]
[Round "06"]
[TimeControl "180+2"]
[Date "2023.05.30"]
[WhiteClock "0:00:25"]
[BlackClock "0:00:11"]

1. e4 c5 2. Nf3 d6 3. g3 Nf6 4. Qe2 Nc6 5. c3 e5 6. Bg2 Be7 7. O-O O-O 8. Na3 Re8 9. Nc2 Be6 10. d4 exd4 11. cxd4 cxd4 12. Ncxd4 Nxd4 13. Nxd4 Bg4 14. f3 Bd7 15. Be3 Rc8 16. Rac1 Qa5 17. a3 h6 18. Rfd1 Bf8 19. Rxc8 Rxc8 20. Qd3 Re8 21. b4 Qh5 22. Bf4 g5 23. g4 Qg6 24. Bg3 h5 25. h3 hxg4 26. hxg4 d5 27. e5 Qxd3 28. Rxd3 Nh7 29. Nf5 Bc6 30. Bf1 f6 31. b5 Bxb5 32. Rxd5 Bxf1 33. Kxf1 Re6 34. Rd7 fxe5 35. Rxb7 e4 36. Kf2 exf3 37. Kxf3 Ra6 38. a4 Rxa4 39. Be5 Ra3+ 40. Kf2 Ra2+ 41. Ke3 Ra3+ 42. Ke2 Ra2+ 43. Kf3 Ra3+ 44. Ke4 Ra4+ 45. Kd5 Ra5+ 46. Ke6 Ra6+ 47. Kd7 Nf6+ 48. Bxf6 Rxf6 49. Ke8 Re6+ 50. Kd8 Rf6 51. Rxa7 Bc5 52. Rd7 Rf8+ 53. Kc7 Ba3 54. Rg7+ Kh8 55. Rxg5 Rf7+ 56. Kc6 Bc1 57. Rh5+ Rh7 58. Kd5 Rxh5 59. gxh5 Kh7 60. Ke6 Bg5 61. Kf7 Bh6 62. Ke6 Bf4 63. Kf6 Bd2 64. Ke6 Bf4 65. Kd5 Bd2 66. Kc4 Bf4 67. Kd3 Bg5 68. Ke4 Bd2 69. Kf3 Bc1 70. Kg4 Bh6 71. Kh3 Bc1 72. Kg2 Bh6 73. Kf2 Bc1 74. Ke2 Bh6 75. Kd3 Bg5 76. Kc3 Bh6 77. Kd4 Bg5 78. Ke5 Bh6 79. Kf6 Bc1 80. Kf7 Bb2 81. Ke6 Bc1 82. Ke5 Bb2+ 83. Ke4 Bc1 84. Kf3 Bg5 85. Kg4 Bc1 86. Ne7 Bd2 87. Ng6 Bc1 88. Ne5 Bd2 89. Nf3 Bc1 90. Nd4 Be3 91. Nf5 Bc1 92. Nd6 Bd2 93. Ne4 Bc1 94. Nf6+ Kg7 95. Nd5 Bd2 96. Ne7 Kh7 97. Nf5 Bc1 1/2-1/2


[Site "https://www.chess.com"]

[Event "Titled Tuesday Blitz May 30 Early 2023"]
[White "Kiremitciyan, Ari"]
[Black "Mogirzan, Matei-Valeriu"]
[WhiteFideId "6373445"]
[BlackFideId "1257455"]
[WhiteElo "2181"]
[BlackElo "1733"]
[Result "0-1"]
[Round "06"]
[TimeControl "180+2"]
[Date "2023.05.30"]
[WhiteClock "0:00:05"]
[BlackClock "0:00:04"]

1. Nf3 Nc6 2. e4 e5 3. Bc4 Nf6 4. d3 Bc5 5. O-O d6 6. c3 Bg4 7. Nbd2 a6 8. Bb3 Qe7 9. Re1 O-O-O 10. Nf1 d5 11. Qe2 dxe4 12. dxe4 Nh5 13. h3 Be6 14. Ng5 Nf4 15. Bxf4 exf4 16. Nxe6 fxe6 17. Qg4 Kb8 18. Qxe6 Qh4 19. Re2 f3 20. gxf3 Rd6 21. Qf5 Rg6+ 22. Kh2 Bd6+ 23. e5 Nxe5 24. Kh1 Rf8 25. Bc2 Rxf5 26. Bxf5 Rf6 27. Bd7 Nxd7 28. Rd1 Ne5 29. Kg2 Rxf3 30. Ng3 Qf6 31. Ne4 Qg6+ 32. Kf1 Rf8 33. Ng3 Qf7 34. Ke1 Nf3+ 35. Kf1 Bxg3 36. Re3 Nh2+ 37. Kg2 Qxf2+ 38. Kh1 Qxe3 39. Rg1 Qf3+ 40. Rg2 Ng4 41. Kg1 Qd1# 0-1


[Site "https://www.chess.com"]

[Event "Titled Tuesday Blitz May 30 Early 2023"]
[White "Topalov, Aleksandar"]
[Black "Budrewicz, Krzysztof"]
[WhiteFideId "925659"]
[BlackFideId "1127950"]
[WhiteElo "2151"]
[BlackElo "2230"]
[Result "1-0"]
[Round "06"]
[TimeControl "180+2"]
[Date "2023.05.30"]
[WhiteClock "0:00:45"]
[BlackClock "0:00:00"]

1. b3 e5 2. Bb2 d6 3. d4 exd4 4. Qxd4 Nc6 5. Qf4 Nge7 6. Nc3 Ng6 7. Qg3 Be7 8. Nf3 Bf6 9. h4 O-O 10. O-O-O Bf5 11. h5 Nge5 12. Nd5 Re8 13. e3 Be4 14. Bb5 Bxd5 15. Rxd5 Nxf3 16. gxf3 Bxb2+ 17. Kxb2 Qf6+ 18. Kb1 Re5 19. Bxc6 bxc6 20. Rxe5 dxe5 21. Rd1 Qe6 22. Qg5 f6 23. Qg3 a5 24. h6 g6 25. Qg4 f5 26. Qa4 Kf7 27. f4 g5 28. fxg5 Kg6 29. f4 Re8 30. Qxa5 exf4 31. exf4 Re7 32. Rd8 Qe4 33. Rg8+ Kh5 34. Qd2 Qe1+ 35. Qxe1 Rxe1+ 36. Kb2 Kg4 37. g6 1-0


[Site "https://www.chess.com"]

[Event "Titled Tuesday Blitz May 30 Early 2023"]
[White "Terletsky, Oleg"]
[Black "Bashirli, Saadat"]
[WhiteFideId "14116774"]
[BlackFideId "13429990"]
[WhiteElo "2084"]
[BlackElo "1408"]
[Result "1-0"]
[Round "06"]
[TimeControl "180+2"]
[Date "2023.05.30"]
[WhiteClock "0:00:14"]
[BlackClock "0:00:23"]

1. e4 c5 2. Nf3 g6 3. d4 cxd4 4. Nxd4 Nc6 5. c4 Nf6 6. Nc3 Nxd4 7. Qxd4 d6 8. Be3 Bg7 9. f3 O-O 10. Qd2 a5 11. b3 a4 12. b4 a3 13. Rc1 Be6 14. Be2 Nd7 15. O-O Ne5 16. Nd5 Bxd5 17. cxd5 Qd7 18. h3 f6 19. f4 Nf7 20. Qd3 e6 21. Bg4 f5 22. dxe6 Qxe6 23. exf5 gxf5 24. Bxf5 Qxa2 25. Bxh7+ Kh8 26. Bg6 Qe6 27. f5 Qe5 28. f6 Bxf6 29. Bxf7 Rxf7 30. Rxf6 Rxf6 31. Bd4 Qf4 32. Rf1 a2 33. Rxf4 a1=Q+ 34. Bxa1 Rxa1+ 35. Kh2 Rxf4 36. Qc3+ Kh7 37. Qxa1 Rxb4 38. Qf6 Rb6 39. Qf7+ Kh6 40. Qf4+ Kg6 41. h4 Rc6 42. Qg5+ Kh7 43. h5 Rc5 44. Qg6+ Kh8 45. h6 Rc7 46. g4 d5 47. g5 d4 48. Qf6+ Kg8 49. g6 Rd7 50. Qe6+ Kh8 51. Qxd7 d3 52. Qg7# 1-0


[Site "https://www.chess.com"]

[Event "Titled Tuesday Blitz May 30 Early 2023"]
[White "Camilla_Lee"]
[Black "Rodriguez Santiago, Jaime"]
[BlackFideId "3100898"]
[WhiteElo "2669"]
[BlackElo "2025"]
[Result "0-1"]
[Round "06"]
[TimeControl "180+2"]
[Date "2023.05.30"]
[WhiteClock "0:00:00"]
[BlackClock "0:00:06"]

1. e4 c6 2. d4 d5 3. Nc3 dxe4 4. Nxe4 Nf6 5. Ng5 h6 6. Nxf7 Kxf7 7. Nf3 Nbd7 8. Bd3 e6 9. Qe2 Bd6 10. g4 Nxg4 11. Rg1 Ngf6 12. Ne5+ Bxe5 13. dxe5 Qa5+ 14. c3 Qxe5 15. Be3 Rd8 16. f4 Qa5 17. Qg2 Rg8 18. O-O-O Nf8 19. f5 exf5 20. Bd4 Be6 21. Rde1 Re8 22. Re5 Qxa2 23. Rge1 Ng4 24. R5e2 g5 25. Qf3 f4 26. Qe4 Nf6 27. Qe5 N8d7 28. Qd6 Re7 29. Bb1 Qd5 30. Qa3 Rge8 31. Qxa7 f3 32. Rf2 Ng4 33. Rd2 f2 34. Rf1 Nxh2 35. Rdxf2+ Kg8 36. Rxh2 Bg4 37. Bc2 b5 38. Qc7 Ne5 39. Bxe5 Rxc7 40. Bxc7 Qd7 41. Bg3 Re3 42. Bf2 Re2 43. Rxh6 Qd2+ 44. Kb1 Qxc2+ 0-1


[Site "https://www.chess.com"]

[Event "Titled Tuesday Blitz May 30 Early 2023"]
[White "Abdilkhair, Abilmansur"]
[Black "Vlassov, Nikolai"]
[WhiteFideId "13716417"]
[BlackFideId "4103360"]
[WhiteElo "2215"]
[BlackElo "2324"]
[Result "1-0"]
[Round "06"]
[TimeControl "180+2"]
[Date "2023.05.30"]
[WhiteClock "0:00:44"]
[BlackClock "0:00:00"]

1. d3 e5 2. Nf3 Nc6 3. g3 f5 4. Bg2 Nf6 5. O-O d5 6. c4 d4 7. e3 dxe3 8. Bxe3 Be7 9. b4 e4 10. dxe4 Qxd1 11. Rxd1 fxe4 12. Nd4 Nxb4 13. Nc3 Bg4 14. Rdb1 Bc5 15. Nxe4 Bxd4 16. Bxd4 Nc2 17. Nxf6+ gxf6 18. Bxb7 Nxd4 19. Bxa8 Ke7 20. Re1+ Kd6 21. Be4 h5 22. Kg2 h4 23. f3 Be6 24. c5+ Kxc5 25. Rec1+ Kd6 26. Rab1 hxg3 27. hxg3 f5 28. Bd3 Bxa2 29. Rb7 Bd5 30. Rbxc7 Nxf3 31. Kf2 Ne5 32. Ke3 Rh3 33. Bxf5 Rxg3+ 34. Kf4 1-0


[Site "https://www.chess.com"]

[Event "Titled Tuesday Blitz May 30 Early 2023"]
[White "Szyszylo, Rafal"]
[Black "Fiorito, Francisco"]
[WhiteFideId "1109626"]
[BlackFideId "180165"]
[WhiteElo "1951"]
[BlackElo "2341"]
[Result "0-1"]
[Round "06"]
[TimeControl "180+2"]
[Date "2023.05.30"]
[WhiteClock "0:00:00"]
[BlackClock "0:00:20"]

1. e4 c5 2. Nc3 Nc6 3. Bb5 Nd4 4. Nf3 a6 5. Bd3 g6 6. Nxd4 cxd4 7. Ne2 d5 8. O-O dxe4 9. Bxe4 Nf6 10. Bf3 Bg7 11. d3 O-O 12. g3 Nd5 13. Re1 e5 14. Bg2 Rb8 15. f4 Be6 16. Rf1 Qd7 17. Bd2 Rfc8 18. fxe5 Bxe5 19. Nf4 Nxf4 20. Bxf4 Bxf4 21. Rxf4 Rc5 22. Rf2 Rbc8 23. a3 b5 24. Rc1 Qc7 25. Qe1 h5 26. Qe4 Qd6 27. Re2 a5 28. Qf4 Qxf4 29. gxf4 b4 30. axb4 axb4 31. Re4 Rxc2 32. Rxc2 Rxc2 33. Rxd4 Rxb2 34. Rd8+ Kg7 35. d4 Rd2 36. d5 b3 37. Rb8 Bxd5 38. Bxd5 Rxd5 39. Rxb3 Kf6 40. Kf2 Kf5 41. Kf3 f6 42. h3 h4 43. Rc3 Ra5 44. Rb3 Rd5 45. Rc3 Rb5 46. Ra3 Rb1 47. Ra5+ Ke6 48. Kg4 Rb4 49. Ra6+ Kf7 50. Ra7+ Kg8 51. Kxh4 Rxf4+ 52. Kg3 g5 53. Rb7 Re4 54. Ra7 Re8 55. Kg4 Rf8 56. Kf5 Rf7 57. Ra8+ Kg7 58. Kg4 Kg6 59. Ra6 Rb7 60. Ra4 Rb3 61. Ra6 Rb4+ 62. Kg3 Rf4 0-1


[Site "https://www.chess.com"]

[Event "Titled Tuesday Blitz May 30 Early 2023"]
[White "Kleiman, Jake"]
[Black "Kovalevsky, Stanislav"]
[WhiteFideId "2020041"]
[BlackFideId "13508598"]
[WhiteElo "2592"]
[BlackElo "2174"]
[Result "1-0"]
[Round "06"]
[TimeControl "180+2"]
[Date "2023.05.30"]
[WhiteClock "0:00:46"]
[BlackClock "0:00:15"]

1. Nf3 d5 2. g3 Nd7 3. Bg2 e5 4. O-O c5 5. d3 f5 6. e4 fxe4 7. dxe4 d4 8. c3 Ngf6 9. b4 dxc3 10. bxc5 Bxc5 11. Nxc3 O-O 12. Qb3+ Kh8 13. Ng5 Qe8 14. Ne6 Rf7 15. Nc7 Qf8 16. Nxa8 Ng4 17. Nd1 Bxf2+ 18. Nxf2 Rxf2 19. Be3 Nc5 20. Rxf2 Nxf2 21. Qc2 Ncd3 22. Bxf2 Nxf2 23. Qxf2 Qb4 24. Nc7 Bg4 25. Nd5 Qa3 26. Rf1 h6 27. Qf8+ Kh7 28. Qxa3 1-0


[Site "https://www.chess.com"]